 Dungeon Crawl Stone Soup version 0.18.1-48-g4cf74bf (webtiles) character file.

223 TuxedoFelix the Shield-Bearer (level 5, -6/47 HPs)
             Began as a Minotaur Fighter on July 21, 2016.
             Killed from afar by an orc wizard (8 damage)
             ... with a magic dart
             ... on level 3 of the Dungeon.
             The game lasted 00:09:04 (3080 turns).

TuxedoFelix the Shield-Bearer (Minotaur Fighter)    Turns: 3080, Time: 00:09:05

Health: -6/47      AC:  4    Str: 26    XL:     5   Next: 66%
Magic:  4/4        EV:  8    Int:  5    God:
Gold:   46         SH: 10    Dex: 10    Spells: 0 memorised, 4 levels left

rFire  . . .     SeeInvis .     a - +0 war axe
rCold  . . .     Gourm    .     b - +0 scale mail
rNeg   . . .     Faith    +     c - +0 shield
rPois  .         Spirit   .     (helmet restricted)
rElec  .         Dismiss  .     (no cloak)
rCorr  .         Reflect  .     (no gloves)
SustAt .         Harm     .     (no boots)
MR     .....                    j - amulet of faith
Stlth  ..........               (no ring)
                                h - -3 ring of protection (curse)

@: mighty, lethally poisoned (-6 -> -7), not resistant to hostile enchantments,
extremely unstealthy
A: retaliatory headbutt, horns 2
a: no special abilities


You were on level 3 of the Dungeon.
You were very hungry.

You visited 1 branch of the dungeon, and saw 3 of its levels.

You collected 46 gold pieces.

Inventory:

Hand Weapons
 a - a +0 war axe (weapon)
Missiles
 p - 4 javelins (quivered)
Armour
 b - a +0 scale mail (worn)
 c - a +0 shield (worn)
Jewellery
 h - a cursed -3 ring of protection (left hand)
 j - an amulet of faith (around neck)
 s - an uncursed ring of stealth {unknown}
Scrolls
 k - a scroll of remove curse {unknown}
 l - a scroll of random uselessness {unknown}
 q - a scroll of teleportation {unknown}
 r - 2 scrolls of recharging
 u - a scroll of noise {unknown}
 w - a scroll of identify {unknown}
Potions
 e - a potion of mutation {unknown}
 g - a potion of magic {unknown}
 i - a potion of degeneration {unknown}
 m - a potion of heal wounds {unknown}
 n - a potion of curing {unknown}
 t - a potion of agility {unknown}
 v - 2 potions of flight {unknown}
Comestibles
 f - 2 bread rations
 o - 5 meat rations


   Skills:
 + Level 4.4 Fighting
 + Level 3.4 Axes
 + Level 0.4 Throwing
 + Level 5.0 Armour
 + Level 2.0 Dodging
 + Level 0.3 Stealth
 + Level 5.0 Shields


You had 4 spell levels left.
You didn't know any spells.

Dungeon Overview and Level Annotations

Branches:
Dungeon (3/15)

Altars:
Ashenzari
Sif Muna


Innate Abilities, Weirdness & Mutations

You reflexively headbutt those who attack you in melee.
You have a pair of horns on your head.


Message History

Deactivating autopickup; reactivate with Ctrl-A.
The rat bites you.
* * * LOW HITPOINT WARNING * * *
As you read the scroll labeled PARYQE RIDO, it crumbles to dust.
It is a scroll of recharging.
You aren't carrying any rechargeable items.
You feel sick. The rat bites you but does no damage.
You feel sick.
You feel sick.
You feel sick.
There is an open door here.
The rat bites you but does no damage.
You feel sick.
There is an open door here.
You feel sick.
The rat twitches its whiskers.
You feel sick.
A magic dart appears from out of thin air!
The magic dart hits you!
You die...

......# ###.......#..........##
......# #.........#......)####
......#####.................#
###'###.........##..........#####
###.###.#.###'####..........#....
.................'....†.....+....
....###.#.)...####.....######....
##..# #.##.##.########## #....
....# #.##'#...†@....# #..<.
###.# #.....###..r...# #.(.. ..#
##....# #......# #.... ####
#....# #......# ##### #....#
#......# #....# #..o...# ######
####'### #o# ##### ##### #.#


You could see 2 orcs and a rat.

Vanquished Creatures
  An orc wizard (D:3)
  An orc priest (D:3)
  Terence (D:3)
  3 gnolls (D:2)
  6 adders
  A worm (D:3)
  A dart slug (D:2)
  2 giant geckos (D:1)
  4 orcs (D:3)
  6 bats
  4 giant cockroaches
  5 goblins
  3 hobgoblins (D:1)
  2 jackals (D:1)
  2 quokkas
  2 ball pythons
  2 giant newts
  3 kobolds
  2 rats
51 creatures vanquished.

Notes
Turn   | Place    | Note
--------------------------------------------------------------
     0 | D:1      | TuxedoFelix the Minotaur Fighter began the quest for the Orb.
     0 | D:1      | Reached XP level 1. HP: 19/19 MP: 0/0
   336 | D:1      | Found a shattered altar of Ashenzari.
   349 | D:1      | Reached XP level 2. HP: 27/27 MP: 1/1
  1113 | D:2      | Reached XP level 3. HP: 10/33 MP: 2/2
  2133 | D:2      | Found a deep blue altar of Sif Muna.
  2268 | D:2      | Reached XP level 4. HP: 40/40 MP: 3/3
  2346 | D:2      | Reached skill level 1 in Dodging
  2550 | D:3      | Reached skill level 5 in Shields
  2550 | D:3      | Reached XP level 5. HP: 32/47 MP: 4/4
  2845 | D:3      | Noticed Terence
  2851 | D:3      | Killed Terence
  3057 | D:3      | Reached skill level 5 in Armour
  3074 | D:3      | HP: 2/47 [poisoned by an adder]
  3080 | D:3      | Killed from afar by an orc wizard

Skill      XL: |  1  2  3  4  5 |
---------------+----------------+-----
Fighting       | 4 |  4.4
Shields        | 4 5 |  5.0
Armour         | 4 5 |  5.0
Axes           | 3 |  3.4
Dodging        | 1 2 |  2.0
Throwing       | |  0.4
Stealth        | |  0.3

Action                   |  1- 3 |  4- 6 || total
-------------------------+-------+-------++-------
Melee: War axe           |    83 |    75 ||   158
       Headbutt          |    11 |     9 ||    20
Throw: Javelin           |       |     2 ||     2
  Use: Scroll            |       |     1 ||     1
       Potion            |       |     1 ||     1
  Eat: Beef jerky        |     1 |       ||     1
       Bread ration      |     1 |       ||     1
Armor: Scale mail        |    22 |    22 ||    44
Dodge: Dodged            |    33 |    31 ||    64
Block: Shield            |    50 |    40 ||    90
